Map: 2000 Atmospheres LE

Players

ExpecT - Winner!

  • Race: Terran Terran

ButAlways

  • Race: Protoss Protoss

Event: DreamHack SC2 Masters 2021 Fall

VOD

Have the link to the VOD?

Description

Time

  • Played on: July 31, 2021, 8:27 a.m.
  • Length: 16:19

All games in this series

Show
View Real Time Build Order
Export as new Build Order

ExpecT Terran - Winner!

Build Orders:  

Get SALT Encoding   

  12  0:00  SCV  
  13  0:12  SCV  
  14  0:16  Supply Depot  
  14  0:24  SCV  
  15  0:38  SCV  
  15  0:39  Barracks  
  16  0:43  Refinery  
  16  0:50  SCV  
  17  1:02  SCV  
  18  1:14  SCV  
  19  1:27  Marine  
  19  1:29  Orbital Command  
  20  1:45  Command Center  
  20  1:49  Barracks Reactor  
  20  1:55  SCV  
  21  2:04  Supply Depot  
  21  2:09  Factory  
  21  2:12  SCV  
  22  2:24  SCV  
  22  2:26  Marine x2  
  22  2:27  Bunker  
  25  2:32  Refinery  
  25  2:36  SCV  
  26  2:44  Marine x2  
  28  2:48  SCV  
  29  2:54  Starport, Factory Tech Lab  
  29  3:01  SCV  
  29  3:05  Orbital Command  
  30  3:15  Cyclone  
  30  3:17  SCV  
  34  3:22  Marine  
  34  3:23  Marine  
  36  3:29  SCV  
  36  3:30  Viking  
  36  3:33  SCV  
  40  3:40  Supply Depot  
  40  3:43  Marine x2  
  40  3:47  SCV x2  
  44  3:59  Supply Depot  
  44  4:00  SCV  
  44  4:01  Cyclone  
  48  4:06  Viking  
  48  4:08  SCV  
  51  4:16  SCV  
  52  4:20  SCV  
  53  4:28  SCV  
  54  4:32  Command Center  
  54  4:33  Marine x2  
  54  4:37  SCV  
  57  4:40  SCV  
  57  4:43  Supply Depot  
  58  4:51  Siege Tank  
  58  4:52  SCV, Barracks  
  62  4:59  Starport Tech Lab  
  62  5:01  Barracks  
  62  5:05  SCV x2  
  64  5:07  Supply Depot  
  64  5:09  Marine x2, Supply Depot  
  66  5:17  SCV x2  
  68  5:29  SCV x2, Engineering Bay, Starport Reactor  
  68  5:34  Refinery x2, Marine x2  
  75  5:40  Siege Tank  
  75  5:41  SCV x2  
  77  5:44  Orbital Command  
  77  5:48  Stimpack  
  77  5:50  Barracks Tech Lab  
  77  5:53  SCV x2  
  79  5:57  Terran Infantry Weapons Level 1  
  79  6:00  Marine x2, Missile Turret  
  79  6:01  Marauder  
  82  6:05  SCV x2  
  82  6:10  Orbital Command, Missile Turret  
  84  6:14  Combat Shield, Siege Tank  
  87  6:21  Marine x2, Marauder  
  87  6:22  Marauder  
  87  6:24  SCV x2  
  95  6:32  Barracks  
  95  6:33  Barracks  
  95  6:36  Supply Depot x2, SCV x3  
  98  6:46  Supply Depot  
  98  6:50  SCV x3  
  101  6:57  Marine x2, Marauder  
  101  6:58  Marauder, Missile Turret  
  101  6:59  Siege Tank  
  101  7:00  Supply Depot  
  110  7:08  Supply Depot, Medivac x2  
  111  7:10  SCV x3  
  111  7:15  Supply Depot x2  
  114  7:21  Marine x2, Marauder  
  114  7:22  Barracks Reactor, Barracks Tech Lab, Marauder  
  120  7:25  SCV x2  
  120  7:26  Refinery, SCV  
  123  7:32  Ghost Academy  
  123  7:33  Refinery  
  123  7:34  Supply Depot  
  123  7:37  SCV x2  
  123  7:38  SCV  
  123  7:42  Medivac x2  
  130  7:51  Marine x2, Marauder x3  
  135  7:57  Siege Tank  
  139  8:03  Supply Depot x2  
  139  8:04  SCV x3  
  142  8:10  Enhanced Shockwaves  
  142  8:14  Ghost x2  
  142  8:19  Supply Depot  
  146  8:28  Ghost  
  146  8:29  Marine x4  
  152  8:44  Starport  
  152  8:45  Viking x2  
  152  8:47  Factory Reactor  
  156  8:53  Command Center  
  156  8:54  Terran Infantry Armor Level 1  
  156  8:55  Supply Depot  
  156  8:56  Marine, Ghost  
  156  8:57  Marine  
  156  9:01  Supply Depot  
  156  9:02  Ghost  
  162  9:04  Marine x2  
  144  9:24  Marine x3  
  144  9:25  Marauder  
  144  9:29  Viking x2  
  151  9:33  Ghost x2  
  151  9:34  Marine  
  151  9:37  Viking  
  156  9:38  Viking  
  156  9:42  Marine  
  131  9:54  Marine x3  
  131  9:55  Marauder  
  131  9:59  Medivac x2  
  140  10:05  Marine x2  
  140  10:06  Marauder  
  144  10:07  Viking  
  137  10:15  Marine  
  137  10:18  Viking  
  121  10:21  Marine x2  
  121  10:22  Marauder  
  121  10:24  Marauder  
  123  10:29  Viking  
  117  10:39  Marine x3  
  117  10:40  Viking x2, Barracks x3  
  117  10:42  Armory  
  124  10:43  SCV x3  
  124  10:45  Marine x2  
  124  10:46  Marine x2  
  124  10:49  Medivac  
  133  10:55  Orbital Command  
  133  10:57  SCV x3  
  133  10:59  Viking  
  133  11:02  Engineering Bay  
  138  11:10  Viking, Medivac  
  138  11:11  SCV x3  
  145  11:14  Ghost x2  
  145  11:16  Marine  
  145  11:17  Marauder  
  152  11:20  Missile Turret  
  152  11:21  Marine x3  
  155  11:26  Viking  
  155  11:29  Viking  
  159  11:35  Barracks Tech Lab x2  
  159  11:36  Barracks Reactor  
  159  11:39  Terran Infantry Armor Level 2, Terran Infantry Weapons Level 2  
  159  11:44  Refinery x2, Marine x2  
  159  11:45  Marine x2, Marauder x2  
  167  11:48  Viking  
  169  11:58  Viking x2  
  169  12:01  Marine x2, Ghost  
  173  12:06  Marine x4  
  173  12:07  Marine x2  
  182  12:16  Viking  
  182  12:18  Viking  
  182  12:20  Ghost  
  182  12:21  Marine x2, Marauder  
  192  12:22  Command Center  
  192  12:27  Terran Ship Weapons Level 1  
  192  12:30  SCV x2  
  192  12:31  SCV x2  
  192  12:35  Ghost x2  
  176  12:55  Viking x4  
  176  12:58  Marine, Marauder  
  174  13:12  Marine x2, Ghost x2  
  170  13:13  Marine x2, Marauder x2  
  170  13:19  Marauder  
  172  13:25  Viking x3  
  170  13:27  Viking  
  166  13:35  Ghost  
  166  13:36  Marine x4  
  166  13:37  Marine x3  
  166  13:51  Marine x2, Marauder  
  166  13:54  Marine x2, Ghost  
  166  13:55  Viking x3  
  173  13:56  Orbital Command  
  177  14:04  Refinery, Ghost  
  177  14:05  Refinery, Marine x3  
  177  14:08  Ghost  
  177  14:09  Ghost  
  186  14:17  Viking  
  183  14:25  Viking  
  163  14:32  Marine x4, Marauder  
  163  14:37  Viking x2  
  154  14:47  Viking  
  154  14:52  Marine x2, Ghost x2  
  157  14:53  Marine x2  
  157  14:55  Viking  
  163  15:01  Marine x3, Marauder  
  168  15:07  Viking  
  168  15:08  Viking  
  168  15:09  Command Center  
  168  15:10  Command Center  
  168  15:12  Command Center  
  172  15:24  Viking  
  172  15:27  Marine, Marauder x2  
  165  15:37  Viking x2  
  165  15:38  Viking  
  165  15:55  Marine  
  165  15:56  Marauder  
Show
View Real Time Build Order
Export as new Build Order

ButAlways Protoss 

Build Orders: 1 Gate Expand, Phoenix Opening, Carriers, Colossus Rush 

Get SALT Encoding   

  12  0:00  Probe  
  13  0:12  Probe  
  14  0:17  Pylon  
  14  0:24  Probe  
  15  0:36  Probe (Chrono Boost)  
  15  0:37  Gateway  
  16  0:45  Probe (Chrono Boost)  
  16  0:46  Assimilator  
  17  0:51  Probe  
  18  1:03  Probe  
  19  1:15  Probe  
  20  1:23  Nexus  
  20  1:34  Cybernetics Core  
  20  1:37  Probe  
  21  1:42  Assimilator  
  21  1:49  Probe  
  21  1:51  Pylon  
  22  2:01  Probe  
  22  2:07  Adept (Chrono Boost)  
  23  2:13  Probe (Chrono Boost)  
  26  2:19  Stargate  
  26  2:24  Probe (Chrono Boost)  
  27  2:30  Adept, Probe (Chrono Boost)  
  27  2:32  Warp Gate  
  27  2:36  Probe (Chrono Boost)  
  33  2:45  Probe x2 (Chrono Boost)  
  33  2:50  Probe (Chrono Boost)  
  33  2:52  Probe  
  35  3:00  Adept  
  35  3:02  Probe  
  35  3:03  Phoenix  
  35  3:04  Probe  
  41  3:07  Pylon  
  41  3:14  Probe  
  41  3:18  Robotics Facility, Probe  
  43  3:24  Shield Battery  
  43  3:26  Probe  
  44  3:31  Phoenix  
  44  3:32  Probe  
  47  3:38  Assimilator  
  47  3:39  Probe  
  47  3:40  Assimilator  
  48  3:43  Pylon  
  48  3:45  Pylon, Probe  
  49  3:53  Probe  
  50  3:58  Probe  
  53  4:05  Probe  
  52  4:10  Probe, Robotics Bay, Immortal (Chrono Boost)  
  57  4:17  Probe  
  57  4:18  Pylon  
  57  4:21  Phoenix  
  57  4:22  Probe  
  61  4:29  Probe  
  62  4:36  Probe  
  63  4:41  Pylon  
  63  4:46  Phoenix  
  63  4:47  Observer (Chrono Boost)  
  63  4:49  Shield Battery  
  63  4:51  Gateway x2  
  66  4:55  Pylon  
  66  4:56  Pylon  
  66  5:04  Colossus (Chrono Boost)  
  72  5:08  Zealot  
  72  5:11  Observer  
  74  5:15  Phoenix  
  74  5:19  Pylon  
  76  5:28  Nexus  
  76  5:40  Phoenix  
  78  5:43  Probe  
  78  5:45  Probe  
  78  5:48  Colossus (Chrono Boost)  
  86  5:55  Shield Battery, Probe  
  87  5:57  Probe  
  88  6:06  Extended Thermal Lance  
  88  6:07  Probe  
  88  6:08  Phoenix (Chrono Boost)  
  88  6:10  Probe  
  92  6:12  Forge  
  92  6:18  Pylon  
  92  6:20  Probe  
  93  6:27  Phoenix (Chrono Boost), Probe  
  93  6:32  Probe  
  97  6:36  Colossus (Chrono Boost)  
  97  6:37  Stargate  
  97  6:39  Probe  
  98  6:43  Probe  
  98  6:44  Probe  
  106  6:49  Assimilator  
  106  6:51  Assimilator, Probe  
  107  6:55  Observer, Probe  
  107  6:56  Protoss Ground Weapons Level 1, Probe  
  107  6:57  Pylon  
  109  7:02  Phoenix  
  109  7:06  Probe  
  109  7:07  Probe  
  109  7:08  Probe  
  114  7:10  Pylon  
  114  7:20  Probe  
  113  7:23  Colossus (Chrono Boost), Probe  
  113  7:25  Pylon  
  113  7:27  Protoss Air Weapons Level 1  
  120  7:31  Phoenix  
  122  7:37  Probe  
  122  7:43  Phoenix  
  125  7:48  Sentry  
  125  7:49  Nexus  
  125  7:50  Pylon  
  127  7:55  Pylon  
  127  7:57  Fleet Beacon, Probe  
  127  7:58  Probe  
  129  8:00  Probe  
  129  8:02  Phoenix  
  132  8:09  Probe  
  132  8:10  Probe  
  132  8:12  Disruptor, Shield Battery  
  137  8:15  Probe  
  138  8:25  Shield Battery, Zealot x3  
  144  8:37  Stargate, Probe  
  144  8:38  Probe  
  144  8:40  Tempest (Chrono Boost)  
  144  8:41  Photon Cannon  
  146  8:42  Photon Cannon  
  146  8:44  Shield Battery  
  146  8:46  Observer, Probe  
  157  8:49  Disruptor (Chrono Boost)  
  157  8:50  Probe  
  157  8:51  Tempest (Chrono Boost)  
  157  8:55  Assimilator  
  161  8:58  Pylon  
  161  9:02  Assimilator  
  161  9:10  Shield Battery  
  161  9:13  Shield Battery  
  161  9:16  Disruptor (Chrono Boost), Zealot x3  
  142  9:28  Tempest  
  145  9:45  Probe x2  
  133  9:47  Tempest  
  129  10:00  Probe x4  
  129  10:03  Assimilator  
  129  10:06  Zealot x3  
  137  10:12  Probe x2  
  141  10:15  Tempest (Chrono Boost)  
  141  10:17  Probe  
  141  10:19  Observer  
  126  10:24  Probe  
  126  10:26  Tempest (Chrono Boost)  
  125  10:28  Carrier (Chrono Boost)  
  129  10:43  Disruptor  
  129  10:47  Nexus  
  132  10:51  Shield Battery  
  132  10:52  Shield Battery  
  132  10:54  Photon Cannon x2  
  132  10:56  Tempest (Chrono Boost), Pylon  
  136  10:57  Probe x3  
  136  10:59  Pylon  
  136  11:00  Carrier (Chrono Boost)  
  136  11:01  Protoss Air Weapons Level 2 (Chrono Boost)  
  136  11:02  Nexus  
  145  11:05  Sentry  
  145  11:09  Probe x3  
  150  11:19  Pylon  
  150  11:21  Probe  
  150  11:25  Observer, Zealot x2, Carrier (Chrono Boost)  
  161  11:26  Assimilator, Pylon  
  161  11:27  Assimilator  
  161  11:38  Carrier (Chrono Boost)  
  166  11:43  Zealot  
  166  11:44  Observer  
  168  11:50  Disruptor  
  171  11:55  Observer  
  171  11:56  Pylon, Carrier (Chrono Boost)  
  171  11:58  Pylon  
  171  12:00  Pylon  
  177  12:09  Photon Cannon  
  177  12:11  Photon Cannon x2  
  177  12:12  Shield Battery x2  
  177  12:14  Protoss Shields Level 1  
  177  12:24  Carrier (Chrono Boost)  
  183  12:34  Nexus  
  183  12:35  Zealot x3  
  183  12:36  Pylon  
  189  12:40  Carrier (Chrono Boost)  
  189  12:41  Pylon  
  194  12:50  Pylon  
  178  12:57  Carrier  
  172  12:59  Observer  
  172  13:01  Zealot x3  
  168  13:19  Colossus (Chrono Boost)  
  157  13:36  Carrier (Chrono Boost)  
  162  13:49  Carrier (Chrono Boost)  
  162  13:54  Carrier (Chrono Boost)  
  162  14:00  Probe x2  
  170  14:10  Disruptor (Chrono Boost)  
  170  14:11  Pylon  
  173  14:20  Shield Battery  
  173  14:22  Shield Battery  
  173  14:23  Shield Battery  
  157  14:33  Carrier  
  146  14:39  Observer (Chrono Boost)  
  132  14:46  Carrier  
  137  14:59  Disruptor (Chrono Boost)  
  140  15:05  Pylon  
  139  15:11  Photon Cannon  
  139  15:19  Sentry  
  133  15:37  Disruptor  

Tags
 
Add a new tag
Caveats
  • Supply blocks, unpowered buildings, or Contaminate may cause inaccurate times.
  • Supply counts are checked every 10 seconds.